 Dungeon Crawl Stone Soup version 0.23-a0-121-g4413648 (webtiles) character file.

31776 Amnesiac the Zephyrmancer (level 13, -10/79 HPs)
             Began as a Mummy Air Elementalist on Aug 25, 2018.
             Was a High Priest of Sif Muna.
             Killed from afar by a deep elf mage (13 damage)
             ... with a bolt of lightning
             ... on level 1 of the Elven Halls.
             The game lasted 00:48:16 (19501 turns).

Amnesiac the Zephyrmancer (Mummy Air Elementalist) Turns: 19501, Time: 00:48:17

Health: -10/79     AC: 11    Str: 12    XL:     13   Next: 27%
Magic:  0/42       EV: 12    Int: 19    God:    Sif Muna [*****.]
Gold:   1331       SH:  5    Dex: 12    Spells: 15/33 levels left

rFire    . . .     SeeInvis .   a - staff of power
rCold    + . .     Gourm    .   i - +0 buckler
rNeg     + + +     Faith    .   q - +2 robe {Archmagi}
rPois    ∞         Spirit   +   A - +0 helmet
rElec    .         Reflect  .   (no cloak)
rCorr    .         Harm     .   B - +0 pair of gloves
MR       +....                  s - +0 pair of boots
Stlth    ++........             d - amulet of guardian spirit
HPRegen  0.23/turn              e - ring of protection from fire
MPRegen  0.28/turn              r - +4 ring of protection

@: divine energy
A: no food or potions, fire vulnerability, cold resistance 1, negative energy
resistance 3, torment resistance, unbreathing, in touch with death 1
a: Stop Divine Energy, Channel Magic, Forget Spell, Renounce Religion


You were on level 1 of the Elven Halls.
You worshipped Sif Muna.
Sif Muna was extremely pleased with you.
You were not hungry.

You visited 4 branches of the dungeon, and saw 15 of its levels.
You also visited: Sewer and Bailey.

You collected 1565 gold pieces.
You spent 234 gold pieces at shops.

Inventory:

Hand Weapons
 b - a +7 scimitar of freezing
Armour
 i - a +0 buckler (worn)
 q - a +2 robe of the Archmagi (worn)
 s - a +0 pair of boots (worn)
 w - the +5 robe of Night {Dark MR+ SInv}
   (You took it off an orc on level 6 of the Dungeon)

   It affects your resistance to hostile enchantments.
   It lets you see invisible.
 A - a +0 helmet (worn)
 B - a +0 pair of gloves (worn)
Magical Staves
 a - an uncursed staff of power (weapon)
 v - an uncursed staff of wizardry
Jewellery
 d - an amulet of guardian spirit (around neck)
 e - a ring of protection from fire (left hand)
 j - an uncursed ring of protection from fire
 k - a +3 ring of protection
 r - a +4 ring of protection (right hand)
Wands
 p - a wand of polymorph (9)
 u - a wand of disintegration (25)
 y - a wand of digging (7)
Scrolls
 c - 4 scrolls of remove curse {!r}
 f - 3 scrolls of blinking {!r}
 g - 10 scrolls of identify {!r}
 h - 2 scrolls of teleportation {!r}
 l - a scroll of magic mapping {!r}
 n - 4 scrolls of fog {!r}
 o - 2 scrolls of amnesia {!r}
 t - 3 scrolls of enchant armour {!r}
 x - a scroll of silence {!r}


   Skills:
 - Level 1.5 Dodging
 - Level 1.5 Stealth
 + Level 3.9 Shields
 + Level 10.9 Spellcasting
 * Level 10.9 Conjurations
 * Level 11.0 Air Magic
 - Level 9.0 Invocations


You had 15 spell levels left.
You knew the following spells:

 Your Spells              Type           Power        Failure   Level  Hunger
a - Airstrike             Air            ######....   1%          4    N/A
d - Lightning Bolt        Conj/Air       ######....   1%          5    N/A
e - Shock                 Conj/Air       ####         1%          1    N/A
s - Conjure Ball Lightni  Conj/Air       ######....   11%         6    N/A
z - Swiftness             Chrm/Air       #####...     1%          2    N/A

Your spell library contained the following spells:

 Spells                   Type           Power        Failure   Level  Hunger
 Magic Dart               Conj           ####         1%          1    N/A
 Poisonous Vapours        Pois/Air       #####.       1%          2    N/A
 Searing Ray              Conj           ######       1%          2    N/A
 Throw Frost              Conj/Ice       #####.       1%          2    N/A
 Static Discharge         Conj/Air       ######..     1%          3    N/A
 Iskenderun's Mystic Bla  Conj           ######..     1%          4    N/A
 Conjure Flame            Conj/Fire      #####...     2%          3    N/A
 Dazzling Spray           Conj/Hex       #####.       2%          3    N/A
 Stone Arrow              Conj/Erth      #####.       2%          3    N/A
 Corona                   Hex            ###....      7%          1    N/A
 Force Lance              Conj/Tloc      #####...     7%          4    N/A
 Fulminant Prism          Conj/Hex       #####.....   7%          4    N/A
 Sticky Flame             Conj/Fire      #####...     7%          4    N/A
 Throw Icicle             Conj/Ice       #####...     7%          4    N/A
 Corpse Rot               Necr           N/A          11%         2    N/A
 Ensorcelled Hibernation  Hex/Ice        ###...       11%         2    N/A
 Confuse                  Hex            ###.....     21%         3    N/A
 Tukima's Dance           Hex            ###.....     21%         3    N/A
 Bolt of Draining         Conj/Necr      ######....   21%         5    N/A
 Irradiate                Conj/Tmut      #####.....   21%         5    N/A
 Iskenderun's Battlesphe  Conj/Chrm      #####...     21%         5    N/A
 Venom Bolt               Conj/Pois      #####.....   21%         5    N/A
 Leda's Liquefaction      Hex/Erth       ###.......   56%         4    N/A
 Bolt of Cold             Conj/Ice       #####.....   73%         6    N/A
 Summon Forest            Summ/Tloc      ###.......   88%         5    N/A
 Summon Mana Viper        Hex/Summ       ###.....     88%         5    N/A
 Spellforged Servitor     Conj/Summ      #####.....   99%         7    N/A
 Summon Hydra             Summ           ###.......   100%        7    N/A
 Lehudib's Crystal Spear  Conj/Erth      #####.....   100%        8    N/A
 Dragon's Call            Summ           ###.......   100%        9    N/A
 Hydra Form               Tmut           Unusable     N/A         6    N/A

Dungeon Overview and Level Annotations

Branches:
Dungeon (11/15)            Temple (1/1) D:5            Lair (0/6) D:8
    Orc (2/2) D:11            Elf (1/3) Orc:2

Altars:
Ashenzari
Cheibriados
Dithmenos
Elyvilon
Fedhas
Gozag
Hepliaklqana
Kikubaaqudgha
Makhleb
Nemelex Xobeh
Okawaru
Qazlal
Ru
Sif Muna
Trog
Uskayaw
Vehumet
Wu Jian
Xom
Yredelemnul
Zin
The Shining One
Beogh

Shops:
D:8 [   D:9 :   D:10 [   Orc:2 (*=[


Innate Abilities, Weirdness & Mutations

You do not eat or drink.
Your flesh is vulnerable to fire.
You are immune to poison.
Your flesh is cold resistant. (rC+)
You are immune to negative energy. (rN+++)
You are immune to unholy pain and torment.
You can survive without breathing.
You are in touch with the powers of death.


Message History

Press: ? - help, Dir - move target cursor, f/p - deep elf mage
Aim: a deep elf mage, wielding a dagger (severely wounded)
You feel a surge of power!
The air twists around and strikes the deep elf mage!
The deep elf mage is almost dead.
The deep elf mage gestures wildly while chanting.
The deep elf mage blinks!
Casting: Airstrike (safe; 1% risk of failure)
Confirm with . or Enter, or press ? or * to list all spells.
Aiming: Airstrike (safe; 1% risk of failure)
Press: ? - help, Dir - move target cursor, f - deep elf mage
Aim: a deep elf mage, wielding a rapier of draining and wearing a leather armour You feel a surge of power!
The air twists around and strikes the deep elf mage!
The deep elf mage is heavily wounded.
The deep elf mage casts a spell at you. The bolt of cold hits you! You resist.
Casting: Airstrike (safe; 1% risk of failure)
Confirm with . or Enter, or press ? or * to list all spells.
Aiming: Airstrike (safe; 1% risk of failure)
Press: ? - help, Dir - move target cursor, f/p - deep elf mage
Aim: a deep elf mage, wielding a rapier of draining and wearing a leather armour (heavily wounded)
You feel a surge of power!
The air twists around and strikes the deep elf mage!
The deep elf mage is severely wounded.
Casting: Airstrike (safe; 1% risk of failure)
Confirm with . or Enter, or press ? or * to list all spells.
Aiming: Airstrike (safe; 1% risk of failure)
Press: ? - help, Dir - move target cursor, f/p - deep elf mage
Aim: a deep elf mage, wielding a rapier of draining and wearing a leather armour (severely wounded)
You feel a surge of power!
The air twists around and strikes the deep elf mage!
You kill the deep elf mage!
Sif Muna accepts your kill.
Casting: Airstrike (safe; 1% risk of failure)
Confirm with . or Enter, or press ? or * to list all spells.
Aiming: Airstrike (safe; 1% risk of failure)
Press: ? - help, Dir - move target cursor, f - deep elf mage
Aim: a deep elf mage, wielding a long sword and wearing a leather armour (lightly wounded)
You feel a surge of power!
The air twists around and strikes the deep elf mage!
The deep elf mage is heavily wounded.
The deep elf mage gestures at you while chanting.
The bolt of lightning hits you!
* * * LOW HITPOINT WARNING * * *
The deep elf mage gestures wildly while chanting.
The deep elf mage blinks!
Casting: Airstrike (safe; 1% risk of failure)
Confirm with . or Enter, or press ? or * to list all spells.
Aiming: Airstrike (safe; 1% risk of failure)
Press: ? - help, Dir - move target cursor, f - deep elf mage, p - deep elf mage
Aim: a deep elf mage, wielding a dagger (almost dead)
You feel a surge of power!
The air twists around and strikes the deep elf mage!
You kill the deep elf mage!
Sif Muna accepts your kill.
The deep elf mage casts a spell.
The deep elf mage blinks!
The deep elf mage casts a spell at you. The bolt of lightning hits you!
* * * LOW HITPOINT WARNING * * *
The deep elf mage points at you and mumbles some strange words.
The bolt of lightning hits you!
You die...

....... .....
..... #...# .
#...# .
...###.).###...
.......=....§..
.......@.......
...............
...###...###...
. #.§.# . #..e#
..... .....
.......


You could see a deep elf mage.

Vanquished Creatures
  Erolcha (Orc:1)
  Erica (Orc:1)
  6 orc high priests
  Sonja (Orc:1)
  2 unseen horrors (D:10)
  17 orc knights
  Pikel (D:8)
  2 deep elf magi (Elf:1)
  An oklob plant (D:9)
  4 orc sorcerers
  A gargoyle (D:11)
  Psyche (D:8)
  Joseph (D:7)
  A centaur skeleton (D:11)
  3 trolls
  Grinder (D:3)
  Prince Ribbit (D:7)
  A hippogriff (D:10)
  A wyvern (D:11)
  8 yaks
  A hungry ghost (D:8)
  2 wargs (Orc:1)
  A porcupine (D:8)
  2 ice beasts
  3 slaves (D:8)
  43 orc warriors
  A sky beast (D:9)
  A necrophage (D:11)
  2 black bears (D:10)
  11 ogres
  A phantom (D:6)
  A centaur (D:7)
  A big kobold (D:11)
  5 bullfrogs
  A wyvern zombie (D:11)
  3 scorpions
  4 killer bees (D:10)
  6 wights
  4 howler monkeys
  5 electric eels (Bailey)
  5 crimson imps
  A bullfrog zombie (D:5)
  A quasit (D:7)
  35 orc priests
  3 bullfrog skeletons (D:6)
  5 hounds
  5 jellies
  2 gnoll shamans
  2 iguanas
  17 orc wizards
  10 worker ants
  20 gnolls
  26 adders
  A river rat (D:6)
  2 shadow imps
  21 oozes
  An adder skeleton (D:5)
  3 worms
  A dart slug (D:2)
  19 leopard geckos
  82 orcs
  13 giant cockroaches
  18 goblins
  11 hobgoblins
  17 jackals
  11 kobolds
  8 quokkas
  10 ball pythons
  9 bats
  14 frilled lizards
  A jackal zombie (D:7)
  A leopard gecko zombie (D:5)
  A quokka zombie (D:7)
  7 rats
536 creatures vanquished.

Vanquished Creatures (others)
  3 ball lightnings (Orc:2)
  A yak (D:8)
  A slave (D:8)
  A hound (D:8)
  5 fungi (D:8)
11 creatures vanquished.

Grand Total: 547 creatures vanquished

Notes
Turn   | Place    | Note
-------+----------+-------------------------------------------
     0 | D:1      | Amnesiac the Mummy Air Elementalist began the quest for the Orb.
     0 | D:1      | Reached XP level 1. HP: 13/13 MP: 4/4
   501 | D:1      | Reached XP level 2. HP: 19/19 MP: 3/5
   518 | D:2      | Learned a level 2 spell: Swiftness
   535 | D:2      | Reached skill level 3 in Air Magic
   596 | D:2      | Reached XP level 3. HP: 5/24 MP: 2/7
  1163 | D:4      | Reached XP level 4. HP: 30/30 MP: 0/9
  1173 | D:4      | Learned a level 4 spell: Airstrike
  1363 | D:4      | Reached skill level 4 in Air Magic
  1386 | D:4      | Reached XP level 5. HP: 23/35 MP: 0/11
  1855 | D:4      | Learned a level 5 spell: Lightning Bolt
  1970 | D:4      | Found a blossoming altar of Fedhas.
  2174 | D:5      | Entered Level 5 of the Dungeon
  2464 | D:5      | Found a staircase to the Ecumenical Temple.
  2472 | D:5      | Reached XP level 6. HP: 31/41 MP: 3/13
  2483 | Temple   | Entered the Ecumenical Temple
  2504 | Temple   | Became a worshipper of Sif Muna the Loreminder
  2533 | D:6      | Reached skill level 5 in Air Magic
  2556 | D:6      | Reached skill level 5 in Spellcasting
  2619 | D:6      | Noticed an ice beast
  2647 | D:6      | Killed an ice beast
  2845 | D:6      | Found a glowing drain.
  2850 | Sewer    | Entered a sewer
  2928 | Sewer    | Reached XP level 7. HP: 46/46 MP: 3/15
  2948 | Sewer    | Reached * piety under Sif Muna
  3248 | Sewer    | Reached skill level 6 in Air Magic
  3488 | D:6      | Reached ** piety under Sif Muna
  4408 | D:2      | Found an ancient bone altar of Kikubaaqudgha.
  4780 | D:3      | Found a faded altar of an unknown god.
  4793 | D:3      | Noticed Grinder
  4802 | D:3      | Killed Grinder
  4802 | D:3      | Reached skill level 7 in Air Magic
  4802 | D:3      | Reached XP level 8. HP: 40/52 MP: 0/18
  5143 | D:5      | Found a white marble altar of Elyvilon.
  5183 | D:5      | Found a burning altar of Makhleb.
  5515 | D:6      | Found a large runed door.
  5515 | D:6      | Found a large runed door.
  5606 | D:6      | Reached *** piety under Sif Muna
  6044 | D:6      | Reached skill level 8 in Air Magic
  6104 | D:6      | Reached skill level 1 in Conjurations
  6214 | D:6      | Found a large runed door.
  6214 | D:6      | Found a large runed door.
  6858 | D:7      | Reached XP level 9. HP: 57/57 MP: 4/21
  6900 | D:7      | Noticed Prince Ribbit
  6906 | D:7      | Killed Prince Ribbit
  7103 | D:7      | Reached **** piety under Sif Muna
  7167 | D:7      | Noticed Joseph
  7182 | D:7      | Killed Joseph
  7182 | D:7      | Reached skill level 5 in Conjurations
  7353 | D:7      | Found a hazy altar of Hepliaklqana.
  7354 | D:7      | Found a shimmering altar of Xom.
  7355 | D:7      | Noticed a spectral ugly thing
  8296 | D:8      | Noticed Pikel
  8309 | D:8      | Killed Pikel
  8607 | D:8      | Reached ***** piety under Sif Muna
  8607 | D:8      | Identified Sif Muna's Compendium of Cloudy Creation (Sif Muna gifted it to you on level 8 of the Dungeon)
  8607 | D:8      | Received a gift from Sif Muna
  8640 | D:8      | Noticed Psyche
  8647 | D:8      | Reached XP level 10. HP: 63/63 MP: 0/22
  8774 | D:8      | Killed Psyche
  8846 | D:8      | Found Vaotaici's Armour Shop.
  8894 | D:8      | Found a hazy altar of Hepliaklqana.
  8913 | D:8      | Reached skill level 1 in Invocations
  8944 | D:8      | Found a staircase to the Lair.
  9326 | D:8      | Found an iron altar of Okawaru.
  9696 | D:9      | Found a shadowy altar of Dithmenos.
  9696 | D:9      | Found a glowing golden altar of the Shining One.
  9701 | D:9      | Found a basalt altar of Yredelemnul.
  9705 | D:9      | Found a bloodstained altar of Trog.
  9706 | D:9      | Found a glowing silver altar of Zin.
  9897 | D:9      | Found Bamim's Book Boutique.
  9984 | D:9      | Noticed an oklob plant
  9993 | D:9      | HP: 3/63 [acid (17)]
 10298 | D:9      | Killed an oklob plant
 10298 | D:9      | Reached skill level 5 in Invocations
 10301 | D:9      | Got a transparent shortbow
 10304 | D:9      | Identified the +8 shortbow of a bailey {freeze, rC+ Int+4 Dex-2} (You found it on level 9 of the Dungeon)
 10350 | D:10     | Entered Level 10 of the Dungeon
 10352 | D:10     | Found Itaufeu's Antique Armour Boutique.
 10451 | D:10     | Killed an unseen horror
 10766 | D:10     | Found a flagged portal.
 10879 | Bailey   | Entered a bailey
 11009 | Bailey   | Found an iron altar of Okawaru.
 11009 | Bailey   | Noticed an orc knight
 11009 | Bailey   | Noticed an orc high priest
 11009 | Bailey   | Noticed an orc sorcerer
 11016 | Bailey   | Killed an orc sorcerer
 11018 | Bailey   | Killed an orc high priest
 11018 | Bailey   | Reached XP level 11. HP: 68/68 MP: 20/23
 11038 | Bailey   | Noticed an orc knight
 11134 | Bailey   | Noticed an orc knight
 11148 | Bailey   | Killed an orc knight
 11268 | Bailey   | Killed an orc knight
 11331 | Bailey   | Noticed an orc knight
 11333 | Bailey   | Killed an orc knight
 11340 | Bailey   | Killed an orc knight
 11810 | Bailey   | Got a brightly glowing chain mail
 12177 | D:10     | Learned a level 6 spell: Conjure Ball Lightning
 12859 | D:10     | Killed an unseen horror
 13012 | D:10     | Identified the +8 chain mail of the Sky {Slay+2} (You found it in a bailey)
 13023 | D:10     | Bought a buckler for 117 gold pieces
 13023 | D:10     | Bought a helmet for 117 gold pieces
 13281 | D:11     | Reached skill level 9 in Air Magic
 13702 | D:11     | Noticed an orc knight
 13703 | D:11     | Noticed an orc knight
 13795 | D:11     | Noticed an orc knight
 13799 | D:11     | Killed an orc knight
 13822 | D:11     | Killed an orc knight
 13967 | D:11     | Found a roughly hewn altar of Beogh.
 13967 | D:11     | Found a staircase to the Orcish Mines.
 14051 | D:11     | Killed an orc knight
 14330 | D:11     | Reached XP level 12. HP: 74/74 MP: 25/25
 14407 | D:11     | Got a ripped robe
 14572 | Orc:1    | Entered Level 1 of the Orcish Mines
 14579 | Orc:1    | Noticed Sonja
 14590 | Orc:1    | Noticed Erica
 14591 | Orc:1    | Killed Sonja
 14591 | Orc:1    | Reached skill level 1 in Shields
 14610 | Orc:1    | Killed Erica
 14949 | Orc:1    | Found a roughly hewn altar of Beogh.
 15028 | Orc:1    | Noticed Erolcha
 15034 | Orc:1    | Killed Erolcha
 15081 | Orc:1    | HP: 3/74 [orc knight/halberd (27)]
 15097 | Orc:1    | Reached skill level 10 in Air Magic
 15581 | Orc:2    | Identified a paperback manual
 15581 | Orc:2    | Entered Level 2 of the Orcish Mines
 15636 | Orc:1    | Identified the cursed +1 robe "Byops" {rF+ rC+ Str+2 Stlth+} (You took it off an orc on level 11 of the Dungeon)
 16138 | Orc:2    | Reached skill level 10 in Spellcasting
 16138 | Orc:2    | Reached skill level 10 in Conjurations
 16149 | Orc:2    | Identified Aqapeq's Papyrus of Conjuration (Sif Muna gifted it to you on level 2 of the Orcish Mines)
 16149 | Orc:2    | Received a gift from Sif Muna
 16571 | Orc:2    | Found a roughly hewn altar of Beogh.
 17010 | Orc:2    | Found a staircase to the Elven Halls.
 17931 | Orc:2    | Noticed an orc high priest
 17937 | Orc:2    | Killed an orc high priest
 18414 | Orc:2    | Gained mutation: You are in touch with the powers of death. [Mummy growth]
 18414 | Orc:2    | Reached XP level 13. HP: 66/79 MP: 1/27
 18842 | Orc:2    | Identified Gepruf's Almanac of Combat Magic (Sif Muna gifted it to you on level 2 of the Orcish Mines)
 18842 | Orc:2    | Received a gift from Sif Muna
 19256 | Orc:2    | Reached skill level 11 in Air Magic
 19365 | Orc:2    | Found Epifuana's Antique Weapon Shop.
 19368 | Orc:2    | Found Ohopoin's Jewellery Shop.
 19369 | Orc:2    | Found Futtidd's Armour Shop.
 19370 | Orc:2    | Found Farovos's Assorted Antiques.
 19491 | Elf:1    | Entered Level 1 of the Elven Halls
 19500 | Elf:1    | HP: 3/79 [deep elf mage/bolt of lightning (35)]
 19501 | Elf:1    | Killed from afar by a deep elf mage

Vault maps used:
D:1:      sevenhm_arrival_forest_fort_large_4
D:2:      old_standard_altar
D:3:      chequers_ecumenical_altar_simple_redux, first_ration,
          minmay_misc_feat_five, supply_closet_lemuel, uniq_grinder
D:4:      fedhas_altar_4
D:5:      marbit_many_paths, minmay_temple_entry_mist, elyvilon_altar_5
D:6:      lightli_sewer_entry_pipes, minmay_hollow_rounded_squares
D:7:      regret_index_temple_of_mockery, uniq_joseph, uniq_prince_ribbit1
D:8:      overflow_temple_1_default, grunt_lair_entry_orc_guard_hut,
          basic_altar, serial_shops, shop, hangedman_little_slice_of_home,
          uniq_psyche, uniq_pikel
D:9:      chequers_temple_overflow_minitemple, serial_shops, shop,
          evilmike_surprise_oklob
D:10:     enter_bailey_3, serial_shops, nicolae_shop_overgrown_old_shop
D:11:     david_orc_5
Temple:   eino_temple_lava
Orc:1:    basic_altar, uniq_sonja, uniq_erolcha, uniq_erica
Orc:2:    st_orc_pillars, basic_altar
Elf:1:    minmay_elf_arrival_circle, ebering_ghost_reflecting_pool, minivault_28
Sewer:    sewer_frog_island_02
Bailey:   bailey_axe_of_yendor_kennysheep, bailey

Skill      XL: |  1  2  3  4  5  6  7  8  9 10 11 12 13 |
---------------+----------------------------------------+-----
Air Magic      | 3 4 5 7 8 9 10 11 | 11.0
Spellcasting   | 3 4 5 7 8 9 10 | 10.9
Conjurations   | 3 7 8 9 10 | 10.9
Invocations    | 8 9 |  9.0
Shields        | 3 |  3.9
Dodging        | |  1.5
Stealth        | |  1.5

Action                   |  1- 3 |  4- 6 |  7- 9 | 10-12 | 13-15 || total
-------------------------+-------+-------+-------+-------+-------++-------
Melee: Unarmed           |     9 |       |       |       |       ||     9
       Spear             |     3 |       |       |       |       ||     3
       Dagger            |    91 |    23 |       |       |       ||   114
       Long sword        |       |     5 |    75 |       |       ||    80
       Scimitar          |       |       |    32 |    24 |       ||    56
       Staff             |       |       |       |     8 |       ||     8
 Cast: Shock             |    29 |   106 |    12 |    36 |       ||   183
       Airstrike         |       |     1 |   206 |   408 |    47 ||   662
       Lightning Bolt    |       |       |     8 |    88 |    12 ||   108
       Conjure Ball Ligh |       |       |       |     2 |       ||     2
Invok: Divine Energy     |       |       |     1 |       |       ||     1
       Channel Magic     |       |       |       |    14 |       ||    14
Evoke: Wand              |       |       |       |     4 |       ||     4
  Use: Scroll            |     2 |     4 |     8 |    13 |       ||    27
 Stab: Sleeping          |     1 |     1 |       |       |       ||     2
       Distracted        |     1 |       |       |       |       ||     1
Armor: Robe              |    33 |    30 |    81 |    48 |     2 ||   194
Dodge: Dodged            |   111 |    65 |   141 |    80 |     3 ||   400
Block: Buckler           |       |       |       |     7 |       ||     7
       Rpst.: Long sword |       |    14 |    39 |       |       ||    53
       Scimitar          |       |       |     9 |     4 |       ||    13

Table legend:
 A = Non-vault XP
 B = Vault XP
 C = Vault XP percentage of total XP
 D = Non-vault monster count
 E = Vault monster count
 F = Vault count percentage of total count
                 A         B        C        D         E       F
            +---------+---------+-------+---------+---------+-------
      Total |   17187 |   28208 |  62.1 |     300 |     233 |  43.7
            +---------+---------+-------+---------+---------+-------
        D:1 |      22 |       0 |   0.0 |      12 |       0 |   0.0
        D:2 |     102 |       0 |   0.0 |      39 |       0 |   0.0
        D:3 |      78 |     290 |  78.8 |      18 |       1 |   5.3
        D:4 |     187 |       0 |   0.0 |      14 |       0 |   0.0
        D:5 |     167 |       0 |   0.0 |      10 |       0 |   0.0
        D:6 |     744 |     562 |  43.0 |      19 |      19 |  50.0
        D:7 |     701 |     790 |  53.0 |      21 |       3 |  12.5
        D:8 |    1359 |    1498 |  52.4 |      40 |      12 |  23.1
        D:9 |     687 |     572 |  45.4 |      13 |       1 |   7.1
       D:10 |    3630 |       8 |   0.2 |      26 |       4 |  13.3
       D:11 |    3002 |    2622 |  46.6 |      34 |      22 |  39.3
      Orc:1 |    2460 |    2743 |  52.7 |      27 |       3 |  10.0
      Orc:2 |    4048 |   12595 |  75.7 |      27 |      65 |  70.7
      Elf:1 |       0 |    1125 | 100.0 |       0 |       2 | 100.0
      Sewer |       0 |     388 | 100.0 |       0 |      57 | 100.0
     Bailey |       0 |    5015 | 100.0 |       0 |      44 | 100.0
            +---------+---------+-------+---------+---------+-------
